 Dungeon Crawl Stone Soup version 0.29.1-1-gd02db6906a (webtiles) character file.

Game seed: 9582894900019560100

46 Kold the Trooper (level 3, -1/29 HPs)
             Began as a Demonspawn Monk on Oct 19, 2022.
             Splashed by a jelly's acid (8 damage)
             ... on level 2 of the Dungeon.
             The game lasted 00:02:02 (2066 turns).

Kold the Trooper (Demonspawn Monk)                  Turns: 2066, Time: 00:02:03

Health: -1/29      AC: -2    Str: 11    XL:     3   Next: 44%
Magic:  3/3        EV: 13    Int: 11    God:
Gold:   122        SH:  0    Dex: 17    Spells: 2/2 levels left

rFire   . . .      SeeInvis .     - Unarmed
rCold   . . .      Faith    .   (no shield)
rNeg    . . .      Spirit   .   a - +0 robe
rPois   .          Reflect  .   (no helmet)
rElec   .          Harm     .   (no cloak)
rCorr   .          Rampage  .   (no gloves)
Will    .....                   (no boots)
Stlth   ++........              (no amulet)
HPRegen 0.09/turn               (no ring)
MPRegen 0.08/turn               (no ring)

@: corroded
A: weakness stinger 1
a: no special abilities


You were on level 2 of the Dungeon.
You visited 1 branch of the dungeon, and saw 2 of its levels.

You collected 122 gold pieces.

Inventory:

Armour
 a - a +0 robe (worn)
Scrolls
 c - a scroll of torment {unknown}
 d - 4 scrolls of noise {unknown}
 e - a scroll of vulnerability {unknown}
 f - 2 scrolls of identify {unknown}
Potions
 b - a potion of ambrosia
 g - a potion of invisibility {unknown}


   Skills:
 + Level 3.3 Fighting
 + Level 3.1 Dodging
 + Level 2.3 Stealth
 * Level 3.2 Unarmed Combat


You had 2 spell levels left.
You didn't know any spells.
Your spell library was empty.

Dungeon Overview and Level Annotations

Branches:
Dungeon (2/15)

Altars:

Shops:
D:2 :


Innate Abilities, Weirdness & Mutations

You have a small tail.


Message History

The adder poisons you!
You barely miss the adder. You tail-slap the adder.
You kill the adder!
You feel sick.
You feel sick.
You see here an adder corpse.
You start resting.
You feel sick. x3
You are no longer poisoned.
You start resting.
HP restored.
A kobold and a goblin come into view.
There are monsters nearby!
A jelly comes into view.
Found a dagger.
The kobold shouts!
The goblin shouts!
The jelly quivers.
The kobold hits you but does no damage.
You hit the kobold.
You kill the kobold!
You closely miss the goblin. The goblin closely misses you.
The jelly attacks as you move away! The jelly barely misses you.
You barely miss the goblin. You hit the goblin.
The goblin is heavily wounded.
The goblin closely misses you.
You hit the goblin.
You kill the goblin!
You hit the jelly. The acid corrodes you!
Your hands burn!
The jelly is lightly wounded.
The jelly misses you.
You hit the jelly.
Your hands burn!
The jelly is lightly wounded.
The jelly hits you.
You are splashed with acid!
You hit the jelly.
Your hands burn!
* * * LOW HITPOINT WARNING * * *
The jelly is moderately wounded.
The jelly hits you.
* * * LOW HITPOINT WARNING * * *
You are splashed with acid!
You die...

#.........#
#.........#
#.........###
#)...>.......
#............
#............
#####.##....
#J# ... #@#
#.# #.#
##.#########
#.......[..#
#...†......#
#...∩.>....#
#..........#
#(.........#


You could see a jelly.

Vanquished Creatures
  An adder (D:2)
  A worm (D:2)
  A dart slug (D:1)
  2 ball pythons (D:1)
  2 endoplasms
  6 goblins
  A hobgoblin (D:1)
  2 quokkas (D:1)
  5 bats
  2 frilled lizards (D:1)
  6 kobolds
  4 rats (D:1)
33 creatures vanquished.

Vanquished Creatures (others)
  2 plants (D:2)
2 creatures vanquished.

Grand Total: 35 creatures vanquished

Notes
Turn   | Place    | Note
-------+----------+-------------------------------------------
     0 | D:1      | Kold the Demonspawn Monk began the quest for the Orb.
     0 | D:1      | Reached XP level 1. HP: 18/18 MP: 1/1
   460 | D:1      | Discovered your monstrous ancestry.
   460 | D:1      | Gained mutation: You have a small tail. [demonic ancestry]
   460 | D:1      | Reached XP level 2. HP: 24/24 MP: 2/2
  1194 | D:1      | Found a faded altar of an unknown god.
  1547 | D:2      | Reached XP level 3. HP: 26/29 MP: 3/3
  1626 | D:2      | Found Obat Pid's Book Boutique.
  2066 | D:2      | Splashed by a jelly's acid

Illustrated notes

Levels and vault maps discovered:
D:1:      minmay_arrival_floating_metal, layout_rooms,
          hellmonk_ecumenical_altar_blasted
D:2:      layout_basic, serial_shops, shop, solitary_fountain,
          serial_bayou_ford_a, minmay_shallow_snake_nest

Skill      XL: |  1  2 |
---------------+-------+-----
Stealth        | 2 |  2.3
Unarmed Combat | 3 |  3.2
Dodging        | 3 |  3.1
Fighting       | |  3.3

Action                   || total
-------------------------++-------
Melee: Unarmed           ||   112
       Punch             ||     1
       Tailslap          ||    11
  Use: Scroll            ||     1
 Stab: Sleeping          ||     1
Armor: Robe              ||    29
Dodge: Dodged            ||    96
